 Dungeon Crawl Stone Soup version 0.16-a0-3003-ga5c7ff4 (webtiles) character file.

425 rgtbctltpx the Thaumaturge (level 6, -6/33 HPs)
             Began as a Deep Elf Wizard on Dec 7, 2014.
             Killed by miscasting Venom Bolt (28 damage)
             ... on level 4 of the Dungeon.
             The game lasted 01:05:20 (3123 turns).

rgtbctltpx the Thaumaturge (Deep Elf Wizard)        Turns: 3123, Time: 01:05:20

Health: -6/33      AC:  4    Str:  4    XL:     6   Next: 64%
Magic:  8/24       EV: 13    Int: 25    God:
Gold:   109        SH:  0    Dex: 13    Spells: 8 memorised, 1 level left

rFire  . . .     SeeInvis .     e - +4 quarterstaff (chaos)
rCold  . . .     Clarity  .     a - +0 robe
rNeg   . . .     SustAb   .     (no shield)
rPois  .         Gourm    .     b - +0 hat
rElec  .         Spirit   .     f - +0 cloak (curse)
rCorr  .         Warding  .     (no gloves)
rMut   .         Stasis   .     j - +0 pair of boots
MR     +....                    (no amulet)
Stlth  +.........               d - ring of protection from magic
                                h - ring of loudness (curse)

@: contaminated, glowing, somewhat resistant to hostile enchantments, very
unstealthy
A: no striking features
a: no special abilities


You were on level 4 of the Dungeon.
You were not hungry.

You visited 1 branch of the dungeon, and saw 4 of its levels.

You collected 109 gold pieces.

Inventory:

Hand weapons
 e - a +4 quarterstaff of chaos (weapon)
 g - a +0 whip
 i - a +1 hammer of holy wrath
Missiles
 l - 21 steel sling bullets
 s - 14 poisoned needles
Armour
 a - a +0 robe (worn)
 b - a +0 hat (worn)
 f - a cursed +0 cloak (worn)
 j - a +0 pair of boots (worn)
 n - a +0 robe
 v - a +0 robe
 y - a +0 robe
Jewellery
 d - a ring of protection from magic (right hand)
 h - a cursed ring of loudness (left hand)
 p - a +1 ring of strength {unknown}
 q - a +3 ring of strength {unknown}
 t - a +3 ring of strength {unknown}
Scrolls
 k - a scroll of teleportation
 o - a scroll of fog {unknown}
 u - a scroll of remove curse {unknown}
Potions
 m - a potion of ambrosia {unknown}
 w - a potion of resistance {unknown}
 x - a potion of poison {unknown}
 A - a potion of brilliance {unknown}
Books
 c - a book of Minor Magic

   Spells                             Type                      Level
   a - Magic Dart                     Conjuration                  1
   b - Blink                          Translocation                2
   c - Call Imp                       Summoning                    2
   d - Repel Missiles                 Charms/Air                   2
   e - Slow                           Hexes                        2
   f - Conjure Flame                  Conjuration/Fire             3
   g - Mephitic Cloud                 Conjuration/Poison/Air       3
 B - a Young Poisoner's Handbook

   Spells                             Type                      Level
   a - Sting                          Conjuration/Poison           1
   b - Cure Poison                    Poison                       2
   c - Mephitic Cloud                 Conjuration/Poison/Air       3
   d - Olgreb's Toxic Radiance        Poison                       4
   e - Venom Bolt                     Conjuration/Poison           5
Comestibles
 r - 2 meat rations
 z - a bread ration


   Skills:
 + Level 0.5 Fighting
 + Level 3.2 Dodging
 + Level 3.0 Stealth
 + Level 8.1 Spellcasting
 + Level 3.4 Conjurations
 + Level 2.4 Hexes
 + Level 1.1 Summonings
 + Level 1.3 Translocations


You had one spell level left.
You knew the following spells:

 Your Spells              Type           Power        Failure   Level  Hunger
a - Magic Dart            Conj           ####         1%          1    None
b - Blink                 Tloc           N/A          8%          2    None
c - Slow                  Hex            ###.....     4%          2    None
d - Mephitic Cloud        Conj/Pois/Air  ###.....     12%         3    None
e - Call Imp              Summ           ###.....     8%          2    None
f - Conjure Flame         Conj/Fire      ###.....     12%         3    None
g - Repel Missiles        Chrm/Air       ##....       10%         2    None
h - Venom Bolt            Conj/Pois      ###.......   85%         5    ####...


Dungeon Overview and Level Annotations

Branches:
Dungeon (4/15)
 Temple: D:4-7

Altars:
Okawaru


Message History

Casting: Venom Bolt
Confirm with . or Enter, or press ? or * to list all spells.
Aiming: Venom Bolt
Press: ? - help, Shift-Dir - straight line, f/p - adder
Aim: an adder (resting)
You miscast Venom Bolt.
A wave of violent energy washes through your body!
The adder moves out of view.
You continue eating. x2
You finish eating.
That bread ration really hit the spot!
Casting: Venom Bolt
Confirm with . or Enter, or press ? or * to list all spells.
Aiming: Venom Bolt
Press: ? - help, Shift-Dir - straight line, f/p - adder
Aim: an adder You miscast Venom Bolt.
You are contaminated with residual magic.
You are caught in a violent explosion!
The explosion engulfs you!
Ouch! That really hurt!
You die...

.#####...#.# ##
#.......# ##. #
##.#####.## .#.. #
#.†#...#.(##.# .#
#.#...#.....# .#
#..#...#..##.# †#
#..#####.## S#
#........######.#####.#
..#...........@.......#
#....###########...#...#
..#### #### ..


You could see an adder.

Vanquished Creatures
  An ogre (D:2)
  A phantom (D:3)
  Crazy Yiuf (D:3)
  An orc priest (D:3)
  A hound (D:4)
  7 adders
  A giant mite (D:3)
  2 worms (D:3)
  6 giant geckos
  3 orcs (D:3)
  A ball python (D:2)
  A bat skeleton (D:3)
  3 giant cockroaches
  11 goblins
  3 hobgoblins
  11 jackals
  3 kobolds
  A quokka (D:3)
  8 bats
  4 giant newts
  8 rats
78 creatures vanquished.

Notes
Turn   | Place    | Note
--------------------------------------------------------------
     0 | D:1      | rgtbctltpx, the Deep Elf Wizard, began the quest for the Orb.
     0 | D:1      | Reached XP level 1. HP: 10/10 MP: 6/6
   218 | D:1      | Reached skill level 5 in Spellcasting
   218 | D:1      | Reached XP level 2. HP: 15/15 MP: 6/11
   222 | D:1      | Learned a level 2 spell: Blink
   225 | D:1      | Learned a level 2 spell: Slow
   908 | D:2      | Reached XP level 3. HP: 19/19 MP: 7/14
  1393 | D:3      | Reached skill level 6 in Spellcasting
  1622 | D:3      | Reached XP level 4. HP: 7/24 MP: 1/18
  1927 | D:3      | Learned a level 3 spell: Mephitic Cloud
  1963 | D:3      | Reached XP level 5. HP: 26/28 MP: 11/20
  2044 | D:3      | Noticed an ogre
  2395 | D:2      | Killed an ogre
  2395 | D:2      | Reached skill level 1 in Hexes
  2553 | D:3      | Learned a level 2 spell: Call Imp
  2557 | D:3      | Learned a level 3 spell: Conjure Flame
  2560 | D:3      | Learned a level 2 spell: Repel Missiles
  2591 | D:3      | Reached skill level 7 in Spellcasting
  2653 | D:3      | Noticed Crazy Yiuf
  2661 | D:3      | Killed Crazy Yiuf
  2661 | D:3      | Reached XP level 6. HP: 33/33 MP: 16/23
  3014 | D:4      | Found an iron altar of Okawaru.
  3094 | D:4      | Reached skill level 8 in Spellcasting
  3108 | D:4      | Learned a level 5 spell: Venom Bolt
  3123 | D:4      | Killed by miscasting Venom Bolt

Action                   |  1- 3 |  4- 6 || total
-------------------------+-------+-------++-------
Melee: Quarterstaff      |       |     4 ||     4
 Cast: Magic Dart        |   104 |   101 ||   205
       Slow              |       |    14 ||    14
       Blink             |       |     3 ||     3
  Use: Scroll            |     3 |     8 ||    11
       Potion            |     1 |     5 ||     6
  Eat: Bread ration      |     1 |     1 ||     2
       Beef jerky        |       |     1 ||     1
